[Event "Titled Tuesday Blitz May 23 Early 2023"]
[White "Sanhueza, Cristian"]
[Black "Zaichenko, Daria"]
[WhiteFideId "116815"]
[BlackFideId "4197453"]
[WhiteElo "2174"]
[BlackElo "2039"]
[Result "0-1"]
[Round "06"]
[TimeControl "180+2"]
[Date "2023.05.23"]
[WhiteClock "0:00:00"]
[BlackClock "0:00:30"]

1. e4 c5 2. Nf3 Nc6 3. d4 cxd4 4. Nxd4 Nf6 5. Nc3 d6 6. Be3 Ng4 7. Bb5 Bd7 8. Nxc6 Nxe3 9. Nxd8 Nxd1 10. Bxd7+ Kxd7 11. Nxf7 Nxc3 12. Nxh8 Nxe4 13. Nf7 h6 14. Nh8 g5 15. Ng6 Bg7 16. O-O-O Nxf2 17. Rhe1 Nxd1 18. Rxe7+ Kc6 19. Rxg7 Ne3 20. Ne7+ Kc5 21. g3 Rf8 22. Kd2 Ng4 23. h3 Ne5 24. Ke2 Rf3 25. Ng6 Rxg3 26. Nxe5 dxe5 27. Rxb7 Rxh3 28. Rxa7 g4 29. a4 Rh2+ 30. Kd3 g3 31. Rg7 g2 32. a5 Kb5 33. b4 h5 34. c4+ Ka6 35. Rg6+ Kb7 36. b5 h4 37. Rg7+ Kc8 38. a6 Rh3+ 39. Ke4 Rg3 40. Rh7 g1=Q 41. Kd5 Qd4+ 42. Kc6 Qe4+ 43. Kb6 Qxh7 44. a7 Rg6+ 45. Ka5 Qxa7+ 46. Kb4 Rg4 0-1


[Site "https://www.chess.com"]

[Event "Titled Tuesday Blitz May 23 Early 2023"]
[White "Antonio, Jorge Carlos"]
[Black "Pasti, Aron"]
[WhiteFideId "113190"]
[BlackFideId "785857"]
[WhiteElo "2247"]
[BlackElo "2173"]
[Result "0-1"]
[Round "06"]
[TimeControl "180+2"]
[Date "2023.05.23"]
[WhiteClock "0:00:02"]
[BlackClock "0:01:47"]

1. d4 d5 2. Nf3 Nf6 3. Bf4 c5 4. e3 Nc6 5. c3 Bf5 6. Bd3 Bxd3 7. Qxd3 e6 8. Ne5 Nxe5 9. Bxe5 Qb6 10. b3 c4 11. bxc4 Qb2 12. Bxf6 gxf6 13. cxd5 exd5 14. O-O Qxa1 15. Qc2 Rc8 16. e4 Bd6 17. exd5 O-O 18. Rd1 Bb4 19. c4 Rfe8 20. h3 Red8 21. Kh2 Rxd5 22. Qb3 Rxd4 23. Rxd4 Qxd4 24. Qxb4 Qxc4 25. Qd2 Qc2 26. Qd7 Qc7+ 27. Qxc7 Rxc7 28. Nd2 Rc2 29. Ne4 Rxa2 30. Nxf6+ Kg7 31. Ne8+ Kf8 32. Nd6 b6 33. f4 Rd2 34. h4 Rxd6 0-1


[Site "https://www.chess.com"]

[Event "Titled Tuesday Blitz May 23 Early 2023"]
[White "Bashirli, Saadat"]
[Black "Avazkhonov, Alikhon"]
[WhiteFideId "13429990"]
[BlackFideId "14208504"]
[WhiteElo "1408"]
[BlackElo "1739"]
[Result "0-1"]
[Round "06"]
[TimeControl "180+2"]
[Date "2023.05.23"]
[WhiteClock "0:00:00"]
[BlackClock "0:01:05"]

1. d4 Nf6 2. e3 e6 3. f4 d5 4. Nf3 c5 5. c3 Nc6 6. Bd3 Bd6 7. O-O O-O 8. Nbd2 b6 9. Ne5 Bb7 10. Qe2 Ne7 11. b3 Rc8 12. Bb2 Qc7 13. Rac1 Ne4 14. Bxe4 dxe4 15. Ndc4 Ba6 16. Rfd1 f6 17. Ng4 Nd5 18. Nf2 Bxc4 19. bxc4 Ne7 20. Nxe4 Rfd8 21. Nxd6 Qxd6 22. g3 Qc6 23. e4 Qa4 24. a3 Nc6 25. d5 Na5 26. dxe6 Nxc4 27. Rd5 Nxb2 28. Qxb2 Qxe4 29. Rxd8+ Rxd8 30. Qb3 Qe3+ 31. Kg2 Qe2+ 32. Kg1 c4 33. e7 Re8 34. Qb5 Rxe7 35. Qd5+ Kf8 36. Qa8+ Re8 37. Qd5 Qe3+ 38. Kg2 Qxc1 39. Qd6+ Kg8 40. Qd5+ Kh8 41. Qf7 Qc2+ 42. Kh3 Qg6 0-1


[Site "https://www.chess.com"]

[Event "Titled Tuesday Blitz May 23 Early 2023"]
[White "Srdanovic, Jovana"]
[Black "Nugumanov, Bakhtiyar"]
[WhiteFideId "954810"]
[BlackFideId "13701797"]
[WhiteElo "2169"]
[BlackElo "2209"]
[Result "1-0"]
[Round "06"]
[TimeControl "180+2"]
[Date "2023.05.23"]
[WhiteClock "0:00:31"]
[BlackClock "0:00:00"]

1. d4 e6 2. c4 c5 3. d5 exd5 4. cxd5 d6 5. Nc3 g6 6. e4 Bg7 7. f4 Bxc3+ 8. bxc3 Nf6 9. Bd3 O-O 10. Nf3 Re8 11. O-O c4 12. Bxc4 Nxe4 13. Qd4 Qb6 14. Be3 Qxd4 15. Bxd4 Nd7 16. Rae1 Ndc5 17. Bxc5 dxc5 18. Ng5 Nd6 19. Rxe8+ Nxe8 20. Bd3 Nd6 21. Ne4 Nxe4 22. Bxe4 Bd7 23. d6 Rb8 24. f5 b6 25. f6 Re8 26. Bd5 Kf8 27. c4 Be6 28. Rd1 Rd8 29. Bxe6 fxe6 30. g4 g5 31. Kf2 Kf7 32. Ke3 Kxf6 33. Ke4 a6 34. Rf1+ Kg6 35. Ke5 b5 36. Kxe6 1-0


[Site "https://www.chess.com"]

[Event "Titled Tuesday Blitz May 23 Early 2023"]
[White "Bilan, Danila"]
[Black "Ruge, Edison"]
[WhiteFideId "24161918"]
[BlackFideId "4401000"]
[WhiteElo "2182"]
[BlackElo "2175"]
[Result "1-0"]
[Round "06"]
[TimeControl "180+2"]
[Date "2023.05.23"]
[WhiteClock "0:00:05"]
[BlackClock "0:00:12"]

1. d4 d5 2. Nf3 e6 3. g3 f5 4. Bg2 Nf6 5. O-O c6 6. c4 Be7 7. Nc3 O-O 8. Qc2 Bd7 9. Ne5 Be8 10. f3 Nbd7 11. e4 dxe4 12. fxe4 Nxe5 13. dxe5 Qd4+ 14. Kh1 Ng4 15. Bf4 Bg6 16. Qe2 Bc5 17. h3 Nf2+ 18. Kh2 fxe4 19. Na4 Nd3 20. Nxc5 Nxc5 21. Rad1 Nd3 22. b3 Rad8 23. Be3 Qxe5 24. Bxa7 Rxf1 25. Rxf1 c5 26. Bb6 Ra8 27. a4 h5 28. h4 Rf8 29. Rxf8+ Kxf8 30. Qe3 Kg8 31. a5 Bf5 32. Bd8 Qb2 33. Kg1 Qb1+ 34. Kh2 Qxb3 35. Bxe4 Qc2+ 36. Bg2 Qxc4 37. Bg5 Qd4 38. Qxd4 cxd4 39. Bxb7 Nc5 40. a6 d3 41. a7 Nxb7 42. a8=Q+ Kh7 43. Qxb7 Bg4 44. Bd2 1-0


[Site "https://www.chess.com"]

[Event "Titled Tuesday Blitz May 23 Early 2023"]
[White "Ciuffoletti, Paolo"]
[Black "KorolDimitriy75"]
[WhiteFideId "807630"]
[WhiteElo "2143"]
[BlackElo "2446"]
[Result "1/2-1/2"]
[Round "06"]
[TimeControl "180+2"]
[Date "2023.05.23"]
[WhiteClock "0:00:25"]
[BlackClock "0:00:16"]

1. e4 c5 2. d4 cxd4 3. c3 d5 4. exd5 Qxd5 5. cxd4 Nc6 6. Nf3 e5 7. Nc3 Bb4 8. Be2 exd4 9. O-O Qd8 10. Nb5 Nge7 11. Bf4 Nd5 12. Bg5 Be7 13. Bxe7 Ndxe7 14. Nbxd4 O-O 15. h3 Qb6 16. Nxc6 Nxc6 17. Qc2 h6 18. Rad1 Be6 19. a3 Rac8 20. Qb1 Bb3 21. Rd3 Rfe8 22. Rd2 Rcd8 23. Rxd8 Qxd8 24. Bd3 Nd4 25. Nxd4 Qxd4 26. Bc2 Qc4 27. Bxb3 Qxb3 28. Re1 Rxe1+ 29. Qxe1 Qxb2 30. Qe8+ Kh7 31. Qxf7 Qxa3 32. Qf5+ Kg8 33. Qe6+ Kh7 34. Qf5+ Kg8 35. Qe6+ Kh7 36. Qf5+ 1/2-1/2


[Site "https://www.chess.com"]

[Event "Titled Tuesday Blitz May 23 Early 2023"]
[White "Jaivardhan Raj"]
[Black "UNSTOPPABLE_LEGEND"]
[WhiteFideId "25744437"]
[WhiteElo "1772"]
[BlackElo "2440"]
[Result "0-1"]
[Round "06"]
[TimeControl "180+2"]
[Date "2023.05.23"]
[WhiteClock "0:00:02"]
[BlackClock "0:00:08"]

1. e4 c6 2. d4 d5 3. Nd2 dxe4 4. Nxe4 Bf5 5. Ng3 Bg6 6. h4 h6 7. Nf3 Nd7 8. h5 Bh7 9. Bd3 Bxd3 10. Qxd3 e6 11. Bd2 Ngf6 12. O-O-O Bd6 13. Ne4 Nxe4 14. Qxe4 Nf6 15. Qe2 b5 16. Ne5 Qb6 17. Rhe1 a5 18. Nxf7 Kxf7 19. Qxe6+ Kf8 20. Qxd6+ Kg8 21. Qe6+ Kh7 22. Qf5+ Kg8 23. Re7 Rf8 24. Qg6 Rh7 25. Bxh6 Nxh5 26. Qxh5 Rxh6 27. Qg5 Rh7 28. f4 Qb8 29. g3 Qd6 30. c3 a4 31. Kc2 b4 32. c4 b3+ 33. axb3 axb3+ 34. Kc3 Rb8 35. Rh1 Rd8 36. Rd1 c5 37. d5 Qb6 38. Kd3 Ra8 39. Rh1 Ra1 40. Re8+ Kf7 41. Qf5+ Kxe8 42. Qc8+ Ke7 43. Rxh7 Qg6+ 44. Kd2 Qc2+ 45. Ke3 Re1+ 46. Kf3 Qe2# 0-1


[Site "https://www.chess.com"]

[Event "Titled Tuesday Blitz May 23 Early 2023"]
[White "Torres Dominguez, David"]
[Black "Manukian, Artak"]
[WhiteFideId "2220857"]
[BlackFideId "13301373"]
[WhiteElo "1999"]
[BlackElo "2130"]
[Result "1/2-1/2"]
[Round "06"]
[TimeControl "180+2"]
[Date "2023.05.23"]
[WhiteClock "0:00:09"]
[BlackClock "0:00:05"]

1. e4 c6 2. Nf3 d5 3. d3 Bg4 4. Be2 dxe4 5. dxe4 Qxd1+ 6. Kxd1 f6 7. Nfd2 Bxe2+ 8. Kxe2 e5 9. f3 Nd7 10. Nb3 O-O-O 11. Be3 Nb6 12. N1d2 g5 13. a4 Kc7 14. a5 Nc8 15. Nc4 Nh6 16. Rhd1 Nf7 17. Rxd8 Nxd8 18. c3 Ne6 19. g3 h5 20. Rd1 h4 21. g4 Be7 22. Rd2 Rd8 23. Rxd8 Kxd8 24. Nc1 Kc7 25. Nd3 b5 26. axb6+ axb6 27. b3 b5 28. Nd2 Nb6 29. b4 Na4 30. Nb1 c5 31. bxc5 Nexc5 32. Bxc5 Bxc5 33. h3 Kc6 34. Kd2 Nb6 35. Nb2 b4 36. cxb4 Bxb4+ 37. Kd3 Kb5 38. Nd1 Nc4 39. Nbc3+ Bxc3 40. Nxc3+ Kc5 41. Nd5 Nb2+ 42. Ke2 Na4 43. Nxf6 Nc3+ 44. Ke1 Kd4 45. Kf2 Nd1+ 46. Kg2 Ne3+ 47. Kh2 Nc4 48. Nh7 Ke3 49. Kg2 Kf4 50. Nf8 Ne3+ 51. Kf2 Nd1+ 52. Ke1 Nc3 53. Kd2 Nb1+ 54. Ke2 Nc3+ 55. Kf2 Nd1+ 56. Ke1 Nc3 57. Ne6+ Kxf3 58. Nxg5+ Kf4 59. Nf7 Nxe4 60. Ke2 Kg3 61. Nxe5 Kxh3 62. Nf3 Kxg4 63. Nxh4 1/2-1/2


[Site "https://www.chess.com"]

[Event "Titled Tuesday Blitz May 23 Early 2023"]
[White "Toktomushev, Teimur"]
[Black "Necula, Iulian"]
[WhiteFideId "14176726"]
[BlackFideId "1232380"]
[WhiteElo "2116"]
[BlackElo "1790"]
[Result "1-0"]
[Round "06"]
[TimeControl "180+2"]
[Date "2023.05.23"]
[WhiteClock "0:00:05"]
[BlackClock "0:00:22"]

1. d4 d6 2. e4 Nf6 3. Nc3 Nbd7 4. Nf3 e5 5. Bc4 Be7 6. Bxf7+ Kxf7 7. Ng5+ Kg8 8. Ne6 Qe8 9. Nxc7 Qd8 10. Nxa8 b5 11. Nxb5 Bb7 12. Nac7 a6 13. Ne6 Qa5+ 14. Nc3 Nxe4 15. O-O Nxc3 16. bxc3 Qd5 17. Qg4 Bf6 18. Bh6 g6 19. Nc7 Nf8 20. Nxd5 Bxd5 21. Bxf8 Kxf8 22. Rab1 h5 23. Rb8+ Kg7 24. Qd7+ Kh6 25. Rxh8+ Bxh8 26. Qxd6 1-0


[Site "https://www.chess.com"]

[Event "Titled Tuesday Blitz May 23 Early 2023"]
[White "Butolo, Alexandru-Mircea"]
[Black "Pinto, Daniel"]
[WhiteFideId "1261649"]
[BlackFideId "3303144"]
[WhiteElo "1850"]
[BlackElo "2145"]
[Result "0-1"]
[Round "06"]
[TimeControl "180+2"]
[Date "2023.05.23"]
[WhiteClock "0:00:07"]
[BlackClock "0:00:15"]

1. e4 e5 2. Nf3 Nc6 3. Bb5 Nf6 4. O-O Nxe4 5. Re1 Nd6 6. Bxc6 dxc6 7. Rxe5+ Be7 8. d4 O-O 9. h3 Bf6 10. Re1 Bf5 11. Bf4 Nc4 12. b3 Nb6 13. Be5 Bxe5 14. Nxe5 f6 15. Nf3 Qd7 16. c4 Rfe8 17. Nc3 Rxe1+ 18. Qxe1 Re8 19. Qd2 Nc8 20. Re1 Nd6 21. d5 cxd5 22. Qxd5+ Be6 23. Qd2 Nf5 24. Qxd7 Bxd7 25. Rxe8+ Bxe8 26. Nd5 c6 27. Nf4 g5 28. Ne6 Kf7 29. Nd8+ Ke7 30. Nxb7 h5 31. Nc5 g4 32. hxg4 hxg4 33. Nd2 Nd4 34. Nd3 Ne6 35. g3 a5 36. Kf1 Nd4 37. Nf4 Bd7 38. Ne4 Bf5 39. Nc5 Bb1 40. a3 Ba2 41. Nb7 Nxb3 42. c5 a4 43. Nd3 Nd4 44. Nb4 Bc4+ 45. Kg2 Ke6 46. Na5 Bd5+ 47. Nxd5 Kxd5 48. Nb7 Ne6 49. Nd8 Nxd8 0-1


[Site "https://www.chess.com"]

[Event "Titled Tuesday Blitz May 23 Early 2023"]
[White "Smiechu"]
[Black "hakanazeri2"]
[WhiteElo "2308"]
[BlackElo "2569"]
[Result "1/2-1/2"]
[Round "06"]
[TimeControl "180+2"]
[Date "2023.05.23"]
[WhiteClock "0:00:04"]
[BlackClock "0:00:04"]

1. e4 c5 2. Nf3 d6 3. d4 cxd4 4. Nxd4 Nf6 5. Nc3 Nc6 6. Be3 Ng4 7. Bb5 Nxe3 8. fxe3 Bd7 9. Bxc6 bxc6 10. O-O e6 11. e5 dxe5 12. Qh5 Qe7 13. Qxe5 f6 14. Qe4 Rc8 15. Rad1 g6 16. Qd3 Bg7 17. Nb3 c5 18. Ne4 Rd8 19. Nbxc5 Bc6 20. Qxd8+ Qxd8 21. Rxd8+ Kxd8 22. Nxe6+ Ke7 23. N4c5 Bh6 24. Kf2 Rc8 25. b4 a5 26. a3 axb4 27. axb4 Ra8 28. Nd4 Bd5 29. e4 Bc4 30. Rd1 Ra3 31. Nc6+ Kf8 32. Rd8+ Kf7 33. Rd7+ Kf8 34. Rxh7 Be3+ 35. Kf3 Bxc5+ 36. Kf4 Be3+ 37. Kg4 Be2+ 38. Kh3 f5 39. exf5 gxf5 40. g3 Bg5 41. Kg2 Bb5 42. Ne5 Re3 43. c4 Rxe5 44. cxb5 Rxb5 45. Rh5 Bf6 46. g4 Rxb4 47. Rxf5 Kg7 48. h3 Kg6 49. Ra5 Rb3 50. Rc5 Bh4 51. Rh5 Rb2+ 52. Kf3 Rf2+ 53. Ke4 Bg3 54. Ra5 Rh2 55. Rh5 Rf2 56. Ra5 Rf4+ 57. Ke3 Rf8 58. Rb5 Rh8 59. Rh5 Rf8 60. Ra5 Bh4 61. Ra6+ Kg7 62. Ra7+ Kg6 63. Ra6+ Bf6 64. h4 Kg7 65. Ra7+ Kg6 66. Ra6 Kh7 67. Ra7+ Bg7 68. h5 Rg8 69. g5 Kh8 70. Kf4 Bf8 71. g6 Rg7 72. Ra8 Rg8 73. Kf5 Bg7 74. Ra7 Rf8+ 75. Kg5 Rb8 76. Ra5 Re8 77. h6 Re5+ 78. Rxe5 Bxe5 79. Kf5 Ba1 80. Ke6 Bg7 81. Kf7 Bxh6 82. g7+ Bxg7 1/2-1/2


[Site "https://www.chess.com"]

[Event "Titled Tuesday Blitz May 23 Early 2023"]
[White "Jiganchine, Roman"]
[Black "Rios Escobar, Adan"]
[WhiteFideId "2603667"]
[BlackFideId "3403645"]
[WhiteElo "2302"]
[BlackElo "2445"]
[Result "0-1"]
[Round "06"]
[TimeControl "180+2"]
[Date "2023.05.23"]
[WhiteClock "0:00:00"]
[BlackClock "0:00:08"]

1. e4 c5 2. Nf3 d6 3. Bb5+ Nd7 4. a4 Nf6 5. Nc3 g6 6. d4 cxd4 7. Qxd4 Bg7 8. O-O a6 9. Be2 O-O 10. a5 Nc5 11. Qe3 Ng4 12. Qg5 h6 13. Qh4 g5 14. Bxg5 hxg5 15. Nxg5 Nh6 16. e5 dxe5 17. Rfd1 Bd7 18. Nd5 Rc8 19. Ra3 Rc6 20. Rg3 Rg6 21. Nb6 Qc7 22. b4 Rxg5 23. Rxg5 Ne6 24. Qxh6 Nxg5 25. Qxg5 Bc6 26. Rd3 Be4 27. Rg3 Bg6 28. Bd3 Qc3 29. h4 Qe1+ 30. Kh2 e4 31. h5 exd3 32. hxg6 dxc2 33. gxf7+ Rxf7 34. Nd5 c1=Q 35. Nxe7+ Rxe7 36. Qd5+ Qe6 37. Qd8+ Re8 38. Rxg7+ Kxg7 39. Qd4+ Qe5+ 40. g3 Qxd4 0-1


[Site "https://www.chess.com"]

[Event "Titled Tuesday Blitz May 23 Early 2023"]
[White "Kuchava, Ana"]
[Black "Osinovsky, Stepan"]
[WhiteFideId "13605348"]
[BlackFideId "4157354"]
[WhiteElo "2001"]
[BlackElo "2222"]
[Result "1-0"]
[Round "06"]
[TimeControl "180+2"]
[Date "2023.05.23"]
[WhiteClock "0:00:18"]
[BlackClock "0:00:00"]

1. d4 Nf6 2. Nf3 g6 3. c4 Bg7 4. Nc3 O-O 5. e4 d6 6. Be2 Nbd7 7. O-O e5 8. Re1 a5 9. Bf1 Re8 10. h3 h6 11. d5 Nh7 12. Qc2 Ng5 13. Nxg5 hxg5 14. Be3 Nf8 15. Qd2 Nh7 16. g4 f5 17. exf5 gxf5 18. gxf5 Bxf5 19. Bg2 g4 20. hxg4 Bxg4 21. Ne4 Qh4 22. Bg5 Qh5 23. Rac1 b6 24. Rc3 Rf8 25. Rg3 Rf5 26. Be3 Raf8 27. a3 Kh8 28. b4 axb4 29. axb4 Bf3 30. c5 bxc5 31. bxc5 Nf6 32. Rh3 Nxe4 33. Rxh5+ Rxh5 34. Qd3 Bxg2 35. Kxg2 1-0


[Site "https://www.chess.com"]

[Event "Titled Tuesday Blitz May 23 Early 2023"]
[White "Nithyalakshmi, Sivanesan"]
[Black "Mazurkiewicz, Michal"]
[WhiteFideId "5706955"]
[BlackFideId "1124943"]
[WhiteElo "1815"]
[BlackElo "2054"]
[Result "0-1"]
[Round "06"]
[TimeControl "180+2"]
[Date "2023.05.23"]
[WhiteClock "0:00:04"]
[BlackClock "0:00:07"]

1. e4 d6 2. Nc3 Nf6 3. Bc4 c5 4. f4 e6 5. d3 d5 6. Bb5+ Bd7 7. e5 Bxb5 8. exf6 Bc6 9. fxg7 Bxg7 10. Nf3 Nd7 11. O-O Qc7 12. a4 O-O-O 13. Nb5 Qb8 14. Ng5 Rdf8 15. f5 e5 16. b4 cxb4 17. Rb1 a5 18. c3 h6 19. Nf3 Bxb5 20. axb5 bxc3 21. Ba3 Re8 22. Qb3 d4 23. Qxf7 Bf6 24. b6 Kd8 25. Qd5 Be7 26. Nxe5 Qxe5 27. Bxe7+ Rxe7 28. Qxb7 Rf8 29. Qa8+ Qb8 30. Qxa5 Ke8 31. b7 Rf6 32. Qa8 Kf8 33. Ra1 Re8 34. Qa3+ Kf7 35. Qb4 Qd6 36. Qb3+ Kg7 37. Ra8 Rff8 38. Ra4 Rb8 39. Rb4 Nc5 40. Qc4 Rxb7 41. Rxb7+ Nxb7 42. f6+ Rxf6 43. Qc8 Rxf1+ 44. Kxf1 Qf6+ 45. Ke2 Nd6 46. Qd7+ Nf7 47. g3 Qe5+ 48. Kd1 Qe3 49. Qg4+ Ng5 50. h4 Qd2# 0-1


[Site "https://www.chess.com"]

[Event "Titled Tuesday Blitz May 23 Early 2023"]
[White "Dwilewicz, Katarzyna"]
[Black "Simonovic, Miroslav"]
[WhiteFideId "1148486"]
[BlackFideId "919152"]
[WhiteElo "2065"]
[BlackElo "2042"]
[Result "0-1"]
[Round "06"]
[TimeControl "180+2"]
[Date "2023.05.23"]
[WhiteClock "0:00:00"]
[BlackClock "0:00:16"]

1. e4 c5 2. Nc3 Nc6 3. g3 g6 4. Bg2 Bg7 5. Nge2 e5 6. O-O Nge7 7. d3 O-O 8. Be3 d6 9. f4 Nd4 10. h3 f5 11. fxe5 dxe5 12. Nd5 Rb8 13. c3 Nxe2+ 14. Qxe2 b6 15. Bg5 Rf7 16. Nxe7+ Rxe7 17. exf5 gxf5 18. Bxe7 Qxe7 19. Bd5+ Kh8 20. Qh5 Bd7 21. Rae1 Rf8 22. Qf3 h6 23. Kh2 Qg5 24. Re2 Be8 25. Qe3 f4 26. Qg1 Bh5 27. g4 Bg6 28. Rf3 Rd8 29. Be4 Bf7 30. a3 Be6 31. Qf2 Qe7 32. Qe1 Bf6 33. Bf5 Bh4 34. Qd1 Bxf5 35. gxf5 Bg3+ 36. Kh1 Rf8 37. Rxg3 fxg3 38. Qg1 Qg5 39. Qe3 Rxf5 40. Qxg5 Rxg5 41. Kg2 h5 42. h4 Rg4 43. Rxe5 Rxh4 44. Kxg3 Rh1 45. Re7 Rb1 46. Re2 Rd1 47. Re3 Rd2 48. Re5 Rxd3+ 49. Kf4 Rd2 50. Rxh5+ Kg7 51. b4 c4 52. Re5 Rd3 53. Re7+ Kf6 54. Rxa7 Rxc3 55. Rb7 Rxa3 56. Rxb6+ Ke7 57. Rc6 Rc3 58. Ke5 Rc1 59. Kd5 c3 60. b5 c2 61. Rc7+ Kd8 62. Rxc2 Rxc2 0-1


[Site "https://www.chess.com"]

[Event "Titled Tuesday Blitz May 23 Early 2023"]
[White "Acikel, Mert"]
[Black "Melikhov, Evgeny V."]
[WhiteFideId "12956465"]
[BlackFideId "4122046"]
[WhiteElo "2097"]
[BlackElo "2158"]
[Result "0-1"]
[Round "06"]
[TimeControl "180+2"]
[Date "2023.05.23"]
[WhiteClock "0:00:12"]
[BlackClock "0:00:13"]

1. e4 c5 2. Nf3 d6 3. Bb5+ Nd7 4. Ba4 Nf6 5. O-O e6 6. Re1 Be7 7. c3 O-O 8. d4 a6 9. Bc2 b5 10. e5 Nd5 11. Qd3 g6 12. a4 c4 13. Qe2 Bb7 14. Bh6 Re8 15. Nbd2 Bf8 16. Bxf8 Nxf8 17. Ne4 dxe5 18. Nxe5 Nd7 19. Nxd7 Qxd7 20. Nc5 Qc7 21. Be4 Bc6 22. h3 e5 23. Qf3 Rad8 24. Nxa6 Qe7 25. axb5 Bb7 26. Nc5 f5 27. Bxd5+ Bxd5 28. Qe2 e4 29. b6 Rb8 30. Ra7 Qg5 31. b7 e3 32. f3 f4 33. Rea1 Kg7 34. Ra8 Kh6 35. Nd7 Rxb7 36. Rd8 Rxd8 0-1


[Site "https://www.chess.com"]

[Event "Titled Tuesday Blitz May 23 Early 2023"]
[White "Goswami, Vedant"]
[Black "KSho99"]
[WhiteFideId "5003725"]
[WhiteElo "2011"]
[BlackElo "2164"]
[Result "1-0"]
[Round "06"]
[TimeControl "180+2"]
[Date "2023.05.23"]
[WhiteClock "0:01:25"]
[BlackClock "0:01:10"]

1. d4 e6 2. Nf3 f5 3. Nc3 Nf6 4. d5 Bb4 5. dxe6 dxe6 6. Qxd8+ Kxd8 7. Bd2 Ke7 8. e3 Rd8 9. Bd3 Nc6 10. a3 Bd6 11. e4 fxe4 12. Nxe4 Nxe4 13. Bxe4 h6 14. O-O-O Ne5 15. Bc3 Nxf3 16. Bxf3 c6 17. Bxg7 Bf4+ 18. Kb1 Rg8 19. Bc3 Bd7 20. g3 Bc7 21. Be4 Raf8 22. f4 b6 23. Rhe1 c5 24. Bh7 Rg4 25. Be4 h5 26. Bf3 1-0


[Site "https://www.chess.com"]

[Event "Titled Tuesday Blitz May 23 Early 2023"]
[White "Singgih, Diajeng Theresa"]
[Black "Topalov, Aleksandar"]
[WhiteFideId "7104391"]
[BlackFideId "925659"]
[WhiteElo "1891"]
[BlackElo "2151"]
[Result "0-1"]
[Round "06"]
[TimeControl "180+2"]
[Date "2023.05.23"]
[WhiteClock "0:00:00"]
[BlackClock "0:00:09"]

1. e4 e6 2. d4 d5 3. exd5 exd5 4. Bd3 Bd6 5. Nf3 Ne7 6. O-O h6 7. Ne5 O-O 8. Bf4 f6 9. Ng6 Nxg6 10. Bxd6 Qxd6 11. Bxg6 f5 12. Bh5 g6 13. Be2 Nd7 14. c4 dxc4 15. Bxc4+ Kh7 16. Nc3 Nb6 17. Bb3 c6 18. Re1 Bd7 19. d5 c5 20. Qf3 Rae8 21. Ne2 Re4 22. Ng3 Ree8 23. a4 c4 24. Bc2 Qxd5 25. Qf4 Bc6 26. f3 Qf7 27. a5 Nd7 28. Red1 Ne5 29. Rd6 Nd3 30. Qd4 Qe7 31. a6 f4 32. Ne4 Rd8 33. axb7 Bxe4 34. Rxd8 Rxd8 35. Qxe4 Qxe4 36. fxe4 Rb8 37. Rxa7 Nc5 38. Kf2 Rxb7 39. Rxb7+ Nxb7 40. Kf3 g5 41. e5+ Kg7 42. Ke4 Na5 43. Kd4 Kf7 44. Kc5 Ke6 45. Kb6 Nb3 46. Kb5 Nd2 47. Bd1 Kxe5 48. Be2 Kd4 49. Kb4 Kd5 50. Kc3 Ne4+ 51. Kb4 Nd6 52. Kc3 Kc5 53. Bf3 Nb5+ 54. Kd2 Kd4 55. Bc6 Nd6 56. Bf3 Ne4+ 57. Bxe4 Kxe4 58. Kc3 Kd5 59. Kb4 g4 60. Kc3 h5 61. Kd2 Ke4 62. Kc3 Ke3 63. Kxc4 f3 64. gxf3 gxf3 65. b4 f2 66. b5 f1=Q+ 67. Kc5 Qf8+ 68. Kc6 Qb8 69. b6 Kf2 70. b7 Kg2 71. Kb6 Kxh2 0-1


[Site "https://www.chess.com"]

[Event "Titled Tuesday Blitz May 23 Early 2023"]
[White "Brueckner, Thomas"]
[Black "Larina, Maria"]
[WhiteFideId "4600452"]
[BlackFideId "24113182"]
[WhiteElo "2322"]
[BlackElo "1848"]
[Result "0-1"]
[Round "06"]
[TimeControl "180+2"]
[Date "2023.05.23"]
[WhiteClock "0:00:00"]
[BlackClock "0:00:07"]

1. Nf3 f5 2. c4 Nf6 3. g3 g6 4. b4 Bg7 5. Bb2 O-O 6. Bg2 Nc6 7. b5 Na5 8. d3 c6 9. a4 d6 10. O-O Bd7 11. Nbd2 Qb6 12. Bd4 Qc7 13. Nb3 Nxb3 14. Qxb3 Kh8 15. Bb2 e5 16. c5 e4 17. cxd6 Qxd6 18. Ne5 Be6 19. Nc4 c5 20. Nxd6 Bxb3 21. Nxb7 c4 22. dxc4 Bxc4 23. Rfe1 Nd7 24. Bxg7+ Kxg7 25. Na5 Be6 26. Red1 Nc5 27. Nc6 Rfc8 28. a5 Bc4 29. Rac1 Bxb5 30. Rxc5 Bxc6 31. Rdc1 Bb7 32. Rc7+ Kf6 33. f3 exf3 34. Bxf3 Bxf3 35. exf3 Rxc7 36. Rxc7 h6 37. Kf2 g5 38. Ke3 Re8+ 39. Kd3 Rd8+ 40. Kc3 Ra8 41. Kc4 h5 42. Kc5 f4 43. gxf4 gxf4 44. Kc6 a6 45. Kb7 Re8 46. Kxa6 Re3 47. Kb7 Rxf3 48. a6 Ra3 49. a7 Kg5 50. a8=Q Rxa8 51. Kxa8 f3 52. Rf7 Kg4 53. Kb7 h4 0-1


[Site "https://www.chess.com"]

[Event "Titled Tuesday Blitz May 23 Early 2023"]
[White "Sadubayev, Airat"]
[Black "Afanasieva, Alexandra"]
[WhiteFideId "13713264"]
[BlackFideId "34126926"]
[WhiteElo "2157"]
[BlackElo "1745"]
[Result "1-0"]
[Round "06"]
[TimeControl "180+2"]
[Date "2023.05.23"]
[WhiteClock "0:02:08"]
[BlackClock "0:01:06"]

1. d4 Nf6 2. c4 e6 3. Nf3 Bb4+ 4. Bd2 Be7 5. g3 d5 6. Bg2 b6 7. cxd5 exd5 8. O-O O-O 9. Nc3 Bb7 10. Rc1 c5 11. dxc5 Bxc5 12. Bf4 Nbd7 13. a3 Rc8 14. b4 Be7 15. Nb5 Rxc1 16. Qxc1 Qc8 17. Nxa7 Qa8 18. Nb5 Qa6 19. Nd6 Bxd6 20. Bxd6 Re8 21. e3 Qxa3 22. Qxa3 1-0


[Site "https://www.chess.com"]

[Event "Titled Tuesday Blitz May 23 Early 2023"]
[White "James, Stuart"]
[Black "Artemenko, Oleg"]
[WhiteFideId "7400489"]
[BlackFideId "14201798"]
[WhiteElo "1950"]
[BlackElo "2287"]
[Result "0-1"]
[Round "06"]
[TimeControl "180+2"]
[Date "2023.05.23"]
[WhiteClock "0:00:00"]
[BlackClock "0:01:03"]

1. e4 e5 2. Nf3 Nc6 3. Bb5 a6 4. Ba4 d6 5. O-O Bd7 6. c3 g6 7. d4 Bg7 8. Bg5 f6 9. Be3 Nh6 10. h3 Nf7 11. Nbd2 O-O 12. a3 Qe8 13. Bb3 Kh8 14. Nh4 Ne7 15. dxe5 dxe5 16. Qf3 Nd6 17. Bc5 g5 18. Bxd6 cxd6 19. Nf5 Bc6 20. Nc4 d5 21. Ncd6 dxe4 22. Nxe8 exf3 23. Nxe7 fxg2 24. Rfd1 Bxe8 25. Kxg2 f5 26. Nd5 Bc6 27. Kg1 Rae8 28. Ne3 f4 29. Ng4 e4 30. Re1 f3 31. Re3 h5 32. Nh2 Be5 33. Rae1 Bf4 0-1


[Site "https://www.chess.com"]

[Event "Titled Tuesday Blitz May 23 Early 2023"]
[White "Tanmay Jain"]
[Black "Clawitter, Craig"]
[WhiteFideId "45015481"]
[BlackFideId "2023105"]
[WhiteElo "2032"]
[BlackElo "2243"]
[Result "1-0"]
[Round "06"]
[TimeControl "180+2"]
[Date "2023.05.23"]
[WhiteClock "0:00:25"]
[BlackClock "0:00:03"]

1. e4 e6 2. Nf3 d5 3. exd5 exd5 4. d4 Bd6 5. Bd3 Nc6 6. O-O Bg4 7. c3 Nge7 8. Nbd2 f6 9. Re1 Qd7 10. a4 O-O 11. Nf1 Rae8 12. h3 Bf5 13. Ng3 Bxd3 14. Qxd3 Bxg3 15. fxg3 Nf5 16. Bf4 Nd6 17. Bxd6 Qxd6 18. Nh4 Ne7 19. Re2 c6 20. Rae1 Qd7 21. Re6 Ng6 22. Qf5 Nxh4 23. gxh4 Rxe6 24. Rxe6 Re8 25. Rxf6 Qxf5 26. Rxf5 Re2 27. Rf2 Re1+ 28. Kh2 Ra1 29. Re2 Rxa4 30. Re7 b6 31. Rc7 Ra2 32. Rxc6 Rxb2 33. Rc8+ Kf7 34. Rc7+ Kf6 35. Rxa7 Rc2 36. Rc7 b5 37. Rc5 b4 38. cxb4 Rxc5 39. bxc5 1-0


[Site "https://www.chess.com"]

[Event "Titled Tuesday Blitz May 23 Early 2023"]
[White "Omariev, Maksim"]
[Black "Martin, Lewis"]
[WhiteFideId "4193423"]
[BlackFideId "410551"]
[WhiteElo "2473"]
[BlackElo "2145"]
[Result "1-0"]
[Round "06"]
[TimeControl "180+2"]
[Date "2023.05.23"]
[WhiteClock "0:00:04"]
[BlackClock "0:00:00"]

1. e4 c5 2. Nf3 d6 3. d4 cxd4 4. Nxd4 Nf6 5. Nc3 a6 6. h3 e5 7. Nde2 b5 8. g4 Bb7 9. Bg2 Nbd7 10. g5 b4 11. gxf6 bxc3 12. fxg7 Bxg7 13. Nxc3 Nc5 14. Qd2 Ne6 15. b3 Rc8 16. Bb2 h5 17. Rd1 Nf4 18. Bf1 Ke7 19. Ba3 Rh6 20. Rg1 Bf8 21. Bc4 Nxh3 22. Rg8 Rg6 23. Nd5+ Bxd5 24. Qxd5 Ng5 25. Rxg6 fxg6 26. Qxe5+ Kd7 27. Rxd6+ Bxd6 28. Qxd6+ Ke8 29. Qxg6+ Kd7 30. Qd6+ Ke8 31. Qf8+ Kd7 32. Qf5+ Kc6 33. Bb4 Kb7 34. Bd5+ Kb8 35. c4 h4 36. Bd2 h3 37. Bxg5 Qh8 38. Bf4+ Ka7 39. Be5 1-0


[Site "https://www.chess.com"]